 Dungeon Crawl Stone Soup version 0.31.0-12-g77e489cdc1 (webtiles) character file.

Game seed: 1147502419032300877

585 kimikx the Chopper (level 7, -3/90 HPs)
             Began as a Hill Orc Gladiator on Mar 4, 2024.
             Was an Initiate of Yredelemnul.
             Succumbed to an orc priest's poison
             ... on level 5 of the Dungeon.
             The game lasted 00:16:48 (1410 turns).

kimikx the Chopper (Hill Orc Gladiator)             Turns: 1410, Time: 00:16:48

Health: -3/90      AC: 23    Str: 19    XL:     7   Next: 37%
Magic:  7/7        EV:  2    Int:  6    God:    Yredelemnul [......]
Gold:   131        SH:  0    Dex: 12    Spells: 6/6 levels left

rFire   . . .        i - +1 morningstar (drain)
rCold   . . .        (no shield)
rNeg    . . .        k - melded +0 plate armour
rPois   +            m - melded +2 helmet
rElec   .            (cloak currently unavailable)
rCorr   .            (gloves currently unavailable)
SInv    .            (boots currently unavailable)
Will    .....        t - amulet of magic regeneration
Stlth   +            (no ring)
HPRegen 0.35/turn    (no ring)
MPRegen 0.50/turn

%: no passive effects
@: lethally poisoned (-3 -> -20), tree-form, weak-willed
A: stationary, stasis, torment immunity, boosted hp, dopey 1, sense surroundings
1, (electricity resistance)
a: Renounce Religion, Convert to Beogh, Recall Undead Harvest


You were on level 5 of the Dungeon.
You worshipped Yredelemnul.
Yredelemnul was noncommittal.
You were a tree.
You visited 1 branch of the dungeon, and saw 5 of its levels.

You collected 131 gold pieces.

Inventory:

Hand Weapons
 a - a +0 war axe
 g - a +0 dagger of venom
 i - a +1 morningstar of draining (weapon)
Missiles
 d - 3 throwing nets
 e - a javelin
 h - 5 boomerangs (quivered)
 p - 4 poisoned darts
Armour
 b - a +0 leather armour
 c - a +0 helmet
 k - a +0 plate armour (melded)
 m - a +2 helmet (melded)
Jewellery
 t - an amulet of magic regeneration (around neck)
Scrolls
 j - 2 scrolls of vulnerability
 o - a scroll of identify {unknown}
 q - a scroll of enchant weapon {unknown}
 s - a scroll of blinking {unknown}
Potions
 l - a potion of heal wounds {unknown}
 r - a potion of haste {unknown}


   Skills:
 + Level 4.8 Fighting
 + Level 0.1 Short Blades
 + Level 5.2(6.6) Axes
 + Level 5.1(5.8) Maces & Flails
 + Level 2.0 Throwing
 + Level 2.4 Armour
 + Level 3.3 Dodging


You had 6 spell levels left.
You didn't know any spells.
Your spell library was empty.

Dungeon Overview and Level Annotations

Branches:
Dungeon (5/15)             Temple (0/1) D:4

Altars:
Kikubaaqudgha
Okawaru
Vehumet
Xom
Yredelemnul

Shops:
D:2 :   D:4 [=[?


Innate Abilities, Weirdness & Mutations

You are a tree.
Your roots penetrate the ground, keeping you stationary.
You cannot be teleported.
You are immune to unholy pain and torment.
Your maximum health is greatly increased.
Your equipment is partially melded.
You are dopey. (Int -2)
You passively map a small area around you.
((You are resistant to electric shocks. (rElec)))


Message History

It was a potion of lignification.
You turn into a tree.
Your +2 helmet melds into your body.
Your +0 plate armour melds into your body.
Your roots penetrate the ground.
You feel sick.
The orc priest hits you but does no damage.
You are lethally poisoned!
The orc priest casts a cantrip, but nothing happens.
Your orc zombie barely misses the orc priest.
It was a potion of mutation.
You feel extremely strange.
You feel stupid.
You feel insulated.
You feel a strange attunement to the structure of the dungeons.
* * * LOW HITPOINT WARNING * * *
You feel very sick.
The orc priest hits you with a +2 short sword of venom.
* * * LOW HITPOINT WARNING * * *
The orc priest hits you but does no damage.
Your orc zombie hits the orc priest but does no damage.
You cannot move.
You cannot move.
You cannot move.
You cannot move.
You cannot move.
You cannot move.
You cannot move.
You cannot move.
You cannot move.
The orc priest shouts, "Beogh is our master!
Accept the truth or die!"
You hit the orc priest.
You kill the orc priest!
The dead are walking!
* * * LOW HITPOINT WARNING * * *
You feel very sick.
The orc priest shouts, "Join the one true god or die!"
The orc priest hits you with a +2 short sword of venom.
* * * LOW HITPOINT WARNING * * *
The orc priest hits you but does no damage.
You are more poisoned.
You barely miss the orc priest.
You die...
Your body rises from the dead as a mindless zombie.

..[............ ,
.?............. * ,
..............., ,
......... .... ,, *
......... ...#,,* *
, , ........#*#..#
........###..##
....Z.....#...# *
......Z♣)....## ##.
,
......o###....###...
.....#. ##.......# ,
..## #.* #......##..
* . * *#.
##......... , ..
####....##.# , *
.... #.......#.## ,,
* ....##...........
..............#..


You could see an orc priest (ally target), a friendly orc zombie and a friendly
orc priest zombie.

Vanquished Creatures
  A phantom (D:5)
  A necrophage (D:4)
  A bullfrog zombie (D:4)
  2 hounds
  A human zombie (D:4)
  An orc priest (D:5)
  3 iguanas
  A scorpion zombie (D:4)
  A hound zombie (D:4)
  A hound skeleton (D:4)
  A howler monkey zombie (D:4)
  7 adders
  2 shadow imps (D:4)
  2 adder zombies (D:4)
  2 dart slugs
  7 orcs
  7 endoplasms
  4 giant cockroaches
  6 goblins
  7 hobgoblins
  3 kobolds
  A quokka (D:4)
  3 ball pythons
  3 bats (D:1)
  A frilled lizard (D:1)
69 creatures vanquished.

Vanquished Creatures (collateral kills)
  An adder (D:3)
  2 goblins (D:3)
  A quokka (D:3)
  A frilled lizard (D:3)
  A quokka skeleton (D:4)
  A rat (D:2)
7 creatures vanquished.

Vanquished Creatures (others)
  An endoplasm zombie (D:4)
  A goblin zombie (D:4)
  A hobgoblin zombie (D:4)
  An orc zombie (D:5)
4 creatures vanquished.

Grand Total: 80 creatures vanquished

Notes
Turn   | Place    | Note
-------+----------+-------------------------------------------
     0 | D:1      | kimikx the Hill Orc Gladiator began the quest for the Orb.
     0 | D:1      | Reached XP level 1. HP: 18/18 MP: 1/1
    47 | D:1      | Reached XP level 2. HP: 25/25 MP: 2/2
   280 | D:2      | Found Hyluis's Book Boutique.
   294 | D:2      | Reached XP level 3. HP: 30/30 MP: 3/3
   299 | D:2      | Found a faded altar of an unknown god.
   318 | D:2      | Prayed at the altar of an unknown god.
   318 | D:2      | Became a worshipper of Yredelemnul the Dark
   318 | D:2      | Reached * piety under Yredelemnul
   318 | D:2      | Prayed at the altar of an unknown god.
   578 | D:3      | Found a shimmering altar of Xom.
   602 | D:3      | Reached skill level 5 in Axes
   602 | D:3      | Reached XP level 4. HP: 33/37 MP: 4/4
   702 | D:3      | Reached skill level 1 in Maces & Flails
   745 | D:4      | Found Obicwag's Magic Scroll Shoppe.
   768 | D:4      | Reached XP level 5. HP: 38/45 MP: 5/5
   778 | D:4      | Found Tojatin's Antique Armour Shop.
   826 | D:4      | Found a staircase to the Ecumenical Temple.
   889 | D:4      | Found an ancient bone altar of Kikubaaqudgha.
   908 | D:4      | Reached skill level 1 in Armour
   991 | D:4      | Reached XP level 6. HP: 38/51 MP: 6/6
  1125 | D:4      | Found a radiant altar of Vehumet.
  1163 | D:4      | Found Miusm's Jewellery Shoppe.
  1200 | D:4      | Reached ** piety under Yredelemnul
  1202 | D:4      | Found Ycirry's Antique Armour Shoppe.
  1277 | D:4      | Found an iron altar of Okawaru.
  1339 | D:5      | Entered Level 5 of the Dungeon
  1385 | D:5      | Reached XP level 7. HP: 14/60 MP: 7/7
  1403 | D:5      | Reached skill level 5 in Maces & Flails
  1408 | D:5      | Gained mutation: You are dopey. (Int -2) [potion of
                  | mutation]
  1408 | D:5      | Gained mutation: You are resistant to electric shocks.
                  | (rElec) [potion of mutation]
  1408 | D:5      | Gained mutation: You passively map a small area around you.
                  | [potion of mutation]
  1409 | D:5      | HP: 3/90 [poisoned by an orc priest]
  1410 | D:5      | Succumbed to an orc priest's poison

Illustrated notes

Levels and vault maps discovered:
D:1:      minmay_arrival_cross, layout_loops_ring, serial_bayou,
          serial_bayou_ford_a, serial_bayou_pond_a, serial_bayou_pond_d,
          serial_bayou_pond_d
D:2:      layout_basic, serial_shops, nicolae_shop_hallway_plus,
          hellmonk_ecumenical_altar_crossroads
D:3:      kennysheep_goblin_castle, layout_basic,
          mainiacjoe_overflow_tiny_flanked, uniq_natasha, uniq_sigmund
D:4:      layout_basic, okawaru_metal_pillars_1_2,
          lemuel_mausoleum_altar_kikubaaqudgha, lemuel_round_altar,
          minmay_temple_entry_slanted, serial_shops, nicolae_shop_gaudy_bauble,
          nicolae_stop_n_shop_2, nicolae_take_the_stairs, shop
D:5:      layout_cave_pools, nicolae_tso_carved_into_rock, chequers_arboretum

Skill      XL: |  1  2  3  4  5  6  7 |
---------------+----------------------+-----
Throwing       | 2 |  2.0
Dodging        | 3 |  3.3
Axes           | 5 |  5.2
Maces & Flails | 1 3 4 5 |  5.1
Fighting       | 3 4 |  4.8
Armour         | 1 2 |  2.4
Short Blades   | |  0.1

Action                     |  1- 3 |  4- 6 |  7- 9 || total
---------------------------+-------+-------+-------++-------
  Melee: War axe           |    44 |       |       ||    44
         Dagger            |    18 |       |       ||    18
         Morningstar       |    36 |   139 |    10 ||   185
    Use: Scroll            |       |     2 |       ||     2
         Potion            |       |       |     2 ||     2
 Armour: Leather armour    |    40 |       |       ||    40
         Plate armour      |    22 |   165 |    17 ||   204
         Skin              |       |       |     5 ||     5
  Dodge: Dodged            |    84 |    51 |     7 ||   142
